 Dungeon Crawl Stone Soup version 0.28.0 (webtiles) character file.

Game seed: 17166250230717352986

698 lonewolfV2 the Chopper (level 7, -9/58 (63) HPs)
             Began as a Hill Orc Fighter on Feb 11, 2022.
             Mangled by a wight (13 damage)
             ... on level 6 of the Dungeon on Feb 12, 2022.
             The game lasted 00:08:09 (5316 turns).

lonewolfV2 the Chopper (Hill Orc Fighter)           Turns: 5316, Time: 00:08:10

HP:   -9/58 (63)    AC:  7    Str: 21    XL:     7   Next: 65%
MP:   7/7           EV:  9    Int:  8    God:
Gold: 185           SH:  5    Dex: 10    Spells: 6/6 levels left

rFire   x . .      SeeInvis .   a - +0 war axe
rCold   + . .      Faith    .   c - +1 buckler
rNeg    . . .      Spirit   .   b - +0 scale mail
rPois   .          Reflect  .   (no helmet)
rElec   .          Harm     .   (no cloak)
rCorr   .          Rampage  .   (no gloves)
Will    .....                   (no boots)
Stlth   ..........              (no amulet)
HPRegen 0.19/turn               o - ring of ice
MPRegen 0.10/turn               (no ring)

@: drained
A: no striking features
a: no special abilities


You were on level 6 of the Dungeon.
You visited 1 branch of the dungeon, and saw 6 of its levels.

You collected 185 gold pieces.

Inventory:

Hand Weapons
 a - a +0 war axe (weapon)
Armour
 b - a +0 scale mail (worn)
 c - a +1 buckler (worn)
Jewellery
 o - a ring of ice (left hand)
Wands
 p - a wand of mindburst (6)
 r - a wand of flame (23)
Scrolls
 e - 2 scrolls of magic mapping
 g - 3 scrolls of teleportation
 i - 3 scrolls of fog
 k - 2 scrolls of fear
 n - a scroll of enchant weapon {unknown}
Potions
 d - 2 potions of might
 f - a potion of haste {unknown}
 h - a potion of heal wounds
 j - a potion of berserk rage {unknown}
 l - a potion of magic
 m - a potion of mutation {unknown}
 q - a potion of attraction {unknown}


   Skills:
 + Level 6.0 Fighting
 + Level 7.1 Axes
 + Level 5.2 Armour
 + Level 1.1 Dodging
 + Level 0.5 Stealth
 + Level 4.2 Shields


You had 6 spell levels left.
You didn't know any spells.
Your spell library contained the following spells:

 Spells                   Type           Power      Damage    Failure   Level
 Gell's Gravitas          Tloc           0%         N/A       99%         3
 Lesser Beckoning         Tloc           0%         N/A       99%         3
 Ozocubu's Armour         Ice            0%         N/A       99%         3
 Teleport Other           Tloc           0%         N/A       99%         3
 Ozocubu's Refrigeration  Ice            0%         4d5       100%        7


Dungeon Overview and Level Annotations

Branches:
Dungeon (6/15)             Temple (0/1) D:5

Altars:
Ashenzari

Shops:
D:1 :   D:3 *   D:4 *   D:5 [


Message History

The wight hits you with a +0 morningstar.
You barely miss the wight.
The wight hits you with a +0 morningstar.
You closely miss the wight. You block the wight's attack.
You slash the wight!
The wight is heavily damaged.
You block the wight's attack.
You slash the wight!
You destroy the wight!
Your Fighting skill increases to level 6!
Items here: )) [[. 3 wights come into view.
There are monsters nearby!
You hit the wight.
The wight is lightly damaged.
The wight hits you with a +0 battleaxe.
You feel drained.
You closely miss the wight. You hit the wight.
The wight hits you with a +0 scimitar. The wight barely misses you.
The wight hits you with a +0 scimitar.
You hit the wight.
The wight is moderately damaged.
You barely miss the wight. You closely miss the wight.
The wight is moderately damaged.
You hit the wight. You block the wight's attack.
You barely miss the wight.
The wight is moderately damaged.
You hit the wight. The wight barely misses you.
The wight hits you with a +0 battleaxe!
You feel drained.
You barely miss the wight.
The wight is moderately damaged.
You hit the wight. The wight barely misses you.
The wight hits you with a +0 battleaxe!
* * * LOW HITPOINT WARNING * * *
You feel drained.
* * * LOW HITPOINT WARNING * * *
The wight hits you with a +0 battleaxe!
* * * LOW HITPOINT WARNING * * *
The wight hits you with a +0 scimitar!
You die...

### #.. ...
#.#
#.######
#zzz...#
#@# .#
#)####.####
#.#.......
#......#
#.#.<..#
#....).#
########


You could see 3 wights.

Vanquished Creatures
  An acid dragon (D:5)
  A necrophage (D:4)
  A centaur (D:5)
  2 wights (D:6)
  A hound (D:4)
  A bullfrog skeleton (D:4)
  Jessica (D:2)
  3 iguanas
  A howler monkey zombie (D:3)
  4 gnolls (D:4)
  6 adders
  An adder skeleton (D:4)
  2 dart slugs
  7 orcs
  4 endoplasms
  2 giant cockroaches (D:4)
  12 goblins
  4 hobgoblins
  2 quokkas
  10 ball pythons
  2 bats
  3 frilled lizards
  10 kobolds
  5 rats
86 creatures vanquished.

Notes
Turn   | Place    | Note
-------+----------+-------------------------------------------
     0 | D:1      | lonewolfV2 the Hill Orc Fighter began the quest for the
                  | Orb.
     0 | D:1      | Reached XP level 1. HP: 19/19 MP: 1/1
   342 | D:1      | Found Zaumm's Book Boutique.
   365 | D:1      | Reached XP level 2. HP: 27/27 MP: 2/2
   586 | D:1      | Reached skill level 3 in Axes
   746 | D:1      | Found a faded altar of an unknown god.
   987 | D:2      | Found a broken altar of Ashenzari.
  1148 | D:2      | Noticed Jessica
  1151 | D:2      | Killed Jessica
  1152 | D:2      | Reached XP level 3. HP: 32/34 MP: 3/3
  1246 | D:2      | Reached XP level 4. HP: 41/41 MP: 4/4
  1542 | D:2      | You fall into a shaft and drop 1 floor!
  1797 | D:3      | Reached skill level 4 in Axes
  2213 | D:3      | Reached XP level 5. HP: 43/47 MP: 5/5
  2248 | D:3      | Found Xeih's Assorted Antiques.
  2562 | D:4      | Noticed a necrophage
  2564 | D:4      | Killed a necrophage
  2565 | D:4      | Reached skill level 5 in Fighting
  2565 | D:4      | Reached skill level 5 in Axes
  2565 | D:4      | Reached XP level 6. HP: 55/56 MP: 6/6
  3046 | D:4      | Found Arapn's Neck Hole.
  3378 | D:4      | Reached skill level 6 in Axes
  3908 | D:5      | Entered Level 5 of the Dungeon
  3933 | D:5      | Found Topraluw's Antique Armour Shop.
  3952 | D:5      | Reached XP level 7. HP: 35/62 MP: 7/7
  4635 | D:5      | Reached skill level 5 in Armour
  4635 | D:5      | Reached skill level 1 in Dodging
  4749 | D:5      | Found a staircase to the Ecumenical Temple.
  5303 | D:6      | Reached skill level 7 in Axes
  5316 | D:6      | Mangled by a wight

Illustrated notes

Levels and vault maps discovered:
D:1:      dpeg_arrival_three_same_balls, layout_loops_ring, serial_shops,
          nicolae_square_shop, shapermc_ecumenical_altar_mp_vishouse,
          kennysheep_nondescript
D:2:      layout_loops_ring, basic_altar, kennysheep_generic_room_16,
          uniq_jessica
D:3:      minmay_spotlight, layout_rooms, serial_shops, nicolae_shop_crystal,
          lemuel_another_geyser
D:4:      layout_loops_ring, nicolae_shop_sticking_my_neck_out
D:5:      layout_basic, minmay_temple_entry_large_hall, serial_shops,
          nicolae_shop_stone
D:6:      layout_loops_cross, zin_angel, gammafunk_ghost_split, serial_shops,
          nicolae_shop_statue_plus, uniq_blork_the_orc

Skill      XL: |  1  2  3  4  5  6  7 |
---------------+----------------------+-----
Axes           | 3 4 5 6 7 |  7.1
Fighting       | 4 5 6 |  6.0
Armour         | 4 5 |  5.2
Shields        | 4 |  4.2
Dodging        | 1 |  1.1
Stealth        | |  0.5

Action                   |  1- 3 |  4- 6 |  7- 9 || total
-------------------------+-------+-------+-------++-------
Melee: War axe           |    45 |   150 |    28 ||   223
  Use: Scroll            |       |     9 |       ||     9
       Potion            |       |       |     2 ||     2
Armor: Scale mail        |    11 |    77 |    12 ||   100
Dodge: Dodged            |    21 |    76 |    23 ||   120
Block: Buckler           |     5 |    57 |     8 ||    70
